 Dungeon Crawl Stone Soup version 0.25-a0-109-ge9c0e85935 (webtiles) character file.

Game seed: 17394350072677740354, levelgen mode: deterministic

719 bangshil the Stinger (level 7, -5/57 HPs)
             Began as a Naga Venom Mage on Nov 18, 2019.
             Was an Initiate of Cheibriados.
             Killed by nerve-wracking pain
             ... invoked by Grinder
              (12 damage)
             ... on level 4 of the Dungeon.
             The game lasted 00:20:32 (4251 turns).

bangshil the Stinger (Naga Venom Mage)              Turns: 4251, Time: 00:20:32

Health: -5/57      AC: 10    Str: 16 (18) XL:     7   Next: 70%
Magic:  12/12      EV:  8    Int: 14 (17) God:    Cheibriados [......]
Gold:   220        SH:  0    Dex: 10 (12) Spells: 2/13 levels left

rFire    . . .     SeeInvis +   t - +0 trident
rCold    . . .     Gourm    .   (no shield)
rNeg     . . .     Faith    .   o - +0 ring mail
rPois    +         Spirit   .   v - +0 helmet
rElec    .         Reflect  .   (no cloak)
rCorr    +         Harm     .   (no gloves)
MR       .....                  (no barding)
Stlth    +.........             (no amulet)
HPRegen  0.19/turn              m - +4 ring of protection
MPRegen  0.13/turn              n - ring of resist corrosion

@: mighty, very slow
A: large, see invisible, deformed body, poison resistance, slowness 2, slow
metabolism 1, spit poison 1, AC +2
a: Spit Poison, Bend Time, Renounce Religion


You were on level 4 of the Dungeon.
You worshipped Cheibriados.
Cheibriados was noncommittal.
You were hungry.

You visited 2 branches of the dungeon, and saw 5 of its levels.

You collected 220 gold pieces.

Inventory:

Hand Weapons
 h - a +0 club
 t - a +0 trident (weapon)
 w - a +2 dagger of speed
Missiles
 q - 12 poisoned darts (quivered)
Armour
 a - a +0 robe
 o - a +0 ring mail (worn)
 v - a +0 helmet (worn)
Jewellery
 m - a +4 ring of protection (left hand)
 n - a ring of resist corrosion (right hand)
Scrolls
 d - 4 scrolls of remove curse {unknown}
 g - 4 scrolls of identify {unknown}
 j - 3 scrolls of teleportation {unknown}
 k - a scroll of enchant weapon {unknown}
 l - a scroll of blinking {unknown}
 r - a scroll of magic mapping {unknown}
 u - a scroll of random uselessness {unknown}
Potions
 b - 2 potions of agility {unknown}
 i - a potion of degeneration
 p - a potion of lignification {unknown}
 s - a potion of haste
 x - a potion of berserk rage {unknown}
Comestibles
 c - 5 rations


   Skills:
 + Level 1.1 Fighting
 - Level 0.3 Maces & Flails
 + Level 1.2 Polearms
 + Level 0.2 Throwing
 * Level 2.4 Armour
 - Level 1.5 Dodging
 - Level 3.0 Stealth
 + Level 3.7 Spellcasting
 + Level 1.5 Conjurations
 * Level 2.4 Necromancy
 * Level 3.7 Air Magic
 + Level 6.1 Poison Magic


You had 2 spell levels left.
You knew the following spells:

 Your Spells              Type           Power        Failure   Level  Hunger
a - Sting                 Conj/Pois      ##..         8%          1    None
b - Poisonous Vapours     Pois/Air       ###...       8%          2    ##.....
c - Animate Skeleton      Necr           N/A          14%         1    None
d - Olgreb's Toxic Radia  Pois           ###.....     30%         4    ####...
e - Mephitic Cloud        Conj/Pois/Air  ##......     24%         3    ###....

Your spell library contained the following spells:

 Spells                   Type           Power        Failure   Level  Hunger
 Apportation              Tloc           #.....       36%         1    None
 Confusing Touch          Hex            #.....       36%         1    None
 Summon Small Mammal      Summ           #...         36%         1    None
 Venom Bolt               Conj/Pois      ##........   91%         5    ######.


Dungeon Overview and Level Annotations

Branches:
Dungeon (4/15)             Temple (1/1) D:4

Altars:
Ashenzari
Cheibriados
Fedhas
Gozag
Hepliaklqana
Nemelex Xobeh
Qazlal
Ru
Sif Muna
Trog
Uskayaw
Vehumet
Wu Jian
Xom
Yredelemnul
Zin
The Shining One

Annotations:
D:3 2 runed translucent doors, Lanoc's ghost, weakling DrCK
D:4 Grinder


Innate Abilities, Weirdness & Mutations

You cannot wear boots.
Your serpentine skin is tough. (AC +2)
You have supernaturally acute eyesight. (SInv)
Armour fits poorly on your strangely shaped body.
Your system is resistant to poisons. (rPois)
You cover ground very slowly.
You have a slow metabolism.
You can spit poison.


Message History

You closely miss Grinder.
Grinder is heavily wounded.
Grinder closely misses you.
Okay, then.
You hit Grinder.
Grinder is heavily wounded.
Grinder closely misses you.
You barely miss Grinder.
Grinder is heavily wounded.
Grinder closely misses you.
You closely miss Grinder.
Grinder is heavily wounded.
Grinder zaps a wand.
The puff of flame misses you. Grinder gestures at you.
You resist with some effort.
You hit Grinder.
Grinder is severely wounded.
Grinder gestures at you. Pain shoots through your body!
You die...

... ########## #5#
.......... #.#
########.. #.# ##..
#.# ##... #.# #...#
#.# #.### #.#####
#...# #..@..# ##...
#..5..# ### ##..
#.....####.# ##.
#..........#########
#.....####..........
#.....# ###########
####### ##### #<...
#....


You could see Grinder.

Vanquished Creatures
  Menkaure (D:4)
  Duvessa (D:4)
  Blork the orc (D:4)
  Dowan (D:4)
  A scorpion (D:4)
  2 orc priests (D:3)
  A centaur skeleton (D:4)
  A hound (D:4)
  2 worker ants (D:4)
  A hound skeleton (D:4)
  7 adders
  2 oozes
  4 worms
  A dart slug (D:1)
  3 leopard geckos
  An orc (D:3)
  6 giant cockroaches
  8 goblins
  8 hobgoblins
  7 kobolds
  3 ball pythons
  5 bats
  7 frilled lizards
  A leopard gecko skeleton (D:4)
  8 rats
83 creatures vanquished.

Vanquished Creatures (collateral kills)
  A bat (D:3)
1 creature vanquished.

Vanquished Creatures (others)
  12 toadstools (D:4)
12 creatures vanquished.

Grand Total: 96 creatures vanquished

Notes
Turn   | Place    | Note
-------+----------+-------------------------------------------
     0 | D:1      | bangshil the Naga Venom Mage began the quest for the Orb.
     0 | D:1      | Reached XP level 1. HP: 15/15 MP: 3/3
   199 | D:1      | Reached XP level 2. HP: 22/22 MP: 3/5
   203 | D:1      | Learned a level 2 spell: Poisonous Vapours
   652 | D:1      | Reached XP level 3. HP: 6/28 MP: 0/6
   947 | D:1      | Reached skill level 5 in Poison Magic
  1312 | D:1      | Reached skill level 1 in Air Magic
  1510 | D:2      | Found an ornate altar of the Wu Jian Council.
  1527 | D:2      | Reached XP level 4. HP: 35/36 MP: 4/7
  1791 | D:2      | Learned a level 1 spell: Animate Skeleton
  2428 | D:3      | Reached XP level 5. HP: 43/43 MP: 9/9
  2461 | D:3      | Found a runed translucent door.
  2484 | D:3      | Found a runed translucent door.
  2596 | D:3      | Found a faded altar of an unknown god.
  2773 | D:3      | Reached skill level 1 in Necromancy
  2782 | D:3      | Found an opulent altar of Gozag.
  2823 | D:3      | Noticed Lanoc's ghost (weakling DrCK)
  3077 | D:4      | Noticed Duvessa
  3077 | D:4      | Noticed Dowan
  3091 | D:4      | Killed Duvessa
  3091 | D:4      | Reached skill level 1 in Armour
  3091 | D:4      | Reached XP level 6. HP: 25/50 MP: 0/10
  3108 | D:4      | Killed Dowan
  3402 | D:4      | Found a staircase to the Ecumenical Temple.
  3423 | D:4      | Noticed Blork the orc
  3429 | D:4      | Killed Blork the orc
  3429 | D:4      | Reached XP level 7. HP: 56/56 MP: 1/12
  3453 | D:4      | Reached skill level 6 in Poison Magic
  3527 | Temple   | Entered the Ecumenical Temple
  3611 | Temple   | Became a worshipper of Cheibriados the Contemplative
  3640 | D:4      | Learned a level 4 spell: Olgreb's Toxic Radiance
  3644 | D:4      | Learned a level 3 spell: Mephitic Cloud
  3813 | D:4      | Noticed Menkaure
  3820 | D:4      | HP: 1/56 [Menkaure (10)]
  3822 | D:4      | Killed Menkaure
  3822 | D:4      | Reached skill level 1 in Fighting
  4124 | D:4      | Reached skill level 1 in Polearms
  4213 | D:4      | Noticed Grinder
  4228 | D:4      | Paralysed by Grinder for 6 turns
  4251 | D:4      | Killed from afar by Grinder

Levels and vault maps discovered:
D:1:      dpeg_arrival_shrine, layout_rooms, hangedman_decor_push,
          minmay_stone_trees_medium, serial_bayou_ford_a, minmay_lizard_pond
D:2:      layout_rooms, lemuel_crystal_altar, first_ration
D:3:      layout_rooms, lemuel_coloured_pillars_altar, ebering_ghost_sewer_f,
          chequers_ecumenical_altar_grove, kennysheep_nub
D:4:      cheibrodos_fertilizer, layout_rooms, minmay_temple_entry_tees,
          hangedman_feature_mirror, uniq_natasha, uniq_duvessa, uniq_grinder,
          uniq_blork_the_orc, uniq_menkaure
Temple:   eino_temple_scatter_basement

Skill      XL: |  1  2  3  4  5  6  7 |
---------------+----------------------+-----
Poison Magic   | 5 6 |  6.1
Air Magic      | 1 2 3 |  3.7
Spellcasting   | 3 |  3.7
Necromancy     | 1 2 |  2.4
Armour         | 1 2 |  2.4
Fighting       | 1 |  1.1
Polearms       | 1 |  1.2
Maces & Flails | |  0.3
Throwing       | |  0.2
Dodging        | |  1.5
Stealth        | |  3.0
Conjurations   | |  1.5

Action                   |  1- 3 |  4- 6 |  7- 9 || total
-------------------------+-------+-------+-------++-------
Melee: Club              |    37 |    87 |       ||   124
       Dagger            |       |    33 |    27 ||    60
       Trident           |       |       |    38 ||    38
Throw: Dart              |       |     4 |       ||     4
 Cast: Sting             |    30 |     4 |       ||    34
       Poisonous Vapours |     9 |    42 |     6 ||    57
       Animate Skeleton  |       |    11 |       ||    11
 Abil: Spit Poison       |     4 |     3 |     1 ||     8
  Use: Potion            |       |     2 |     5 ||     7
 Stab: Sleeping          |     1 |     2 |       ||     3
  Eat: Chunk             |     2 |     8 |     2 ||    12
Armor: Robe              |    12 |     8 |       ||    20
       Ring mail         |       |    59 |    25 ||    84
Dodge: Dodged            |    50 |    71 |    25 ||   146

Table legend:
 A = Non-vault XP
 B = Vault XP
 C = Vault XP percentage of total XP
 D = Non-vault monster count
 E = Vault monster count
 F = Vault count percentage of total count
                 A         B        C        D         E       F
            +---------+---------+-------+---------+---------+-------
      Total |     523 |     505 |  49.1 |      78 |       6 |   7.1
            +---------+---------+-------+---------+---------+-------
        D:1 |      68 |       1 |   1.4 |      21 |       1 |   4.5
        D:2 |      70 |       0 |   0.0 |      20 |       0 |   0.0
        D:3 |     134 |       0 |   0.0 |      25 |       0 |   0.0
        D:4 |     251 |     504 |  66.8 |      12 |       5 |  29.4
            +---------+---------+-------+---------+---------+-------
